[Event "Late-Titled-Tuesday-Blitz-September-19-2023"]
[Site "Chess.com"]
[Date "2023.09.19"]
[Round "1"]
[White "simplerXiao"]
[Black "GMJustin"]
[Result "1-0"]
[WhiteElo "2558"]
[BlackElo "2253"]
[TimeControl "180+1"]
[EndTime "14:06:57 PDT"]
[Termination "simplerXiao won on time"]

1. e4 c5 2. Nf3 e6 3. d4 cxd4 4. Nxd4 Nc6 5. Nc3 Qc7 6. g3 a6 7.
Bg2 Nf6 8. O-O Bc5 9. Be3 Ne5 10. h3 Nc4 11. Bc1 O-O 12. b3 Ne5 13. Bb2 b5 14. a3 Bb7 15. f4 Nc6 16. Ne2 e5 17. fxe5 Nxe5 18. Kh2 Nxe4 19. Rf5 Rae8 20. Nf4 g6 21.
Rh5 gxh5 22. Qxh5 Ng6 23. Nf5 f6 24. Nxg6 Nxg3 25. Nxg3 Bf2 26. Qg4 Qxg3+ 27. Qxg3 Bxg3+ 28. Kxg3 hxg6 29. Bxb7 Re2 30. Bd5+ Kg7 31. Rc1 Rc8 32.
Rf1 Rcxc2 33. Bxf6+ Kh6 34. h4 Re3+ 35. Kf4 Ree2 36. Bg5+ Kg7 37. Kg4 Rf2 38. Re1 Rce2 39. Rd1 1-0

[Event "Late-Titled-Tuesday-Blitz-September-19-2023"]
[Site "Chess.com"]
[Date "2023.09.19"]
[Round "1"]
[White "maksimys18"]
[Black "BrandonJacobson"]
[Result "0-1"]
[WhiteElo "2490"]
[BlackElo "2919"]
[TimeControl "180+1"]
[EndTime "14:07:00 PDT"]
[Termination "BrandonJacobson won by checkmate"]

1. d4 Nf6 2. Nf3 g6 3. c4 Bg7 4. Nc3 d6 5. Bg5 c5 6. d5 h6 7. Bh4 g5 8. Bg3 Nh5 9. e3 Nxg3 10. hxg3 Bxc3+ 11. bxc3 Kd7 12. Bd3 Kc7 13. Ke2 f5 14. Qc2 Qf8 15. a4 a5 16. Rhb1 f4 17. gxf4 gxf4 18.
e4 Bg4 19. Qb3 Qc8 20. Qb6+ Kd7 21. Qxb7+ Qxb7 22. Rxb7+ Kd8 23. Rab1 Nd7 24. Kd2 Bxf3 25. gxf3 h5 26. Bf1 Ke8 27. Bh3 Ne5 28. Be6 Kf8 29. Rc7 h4 30. Rbb7 Re8 31. Ke2 h3 32. Rb1 h2 33. Rh1 Rb8 34. Kf1 Rb1+ 35. Kg2 Rxh1 36. Kxh1 Kg7 37. Rxe7+ Kf6 38. Ra7 Nd3 39. Rf7+ Kg6 40.
Rh7 Kxh7 41. Kxh2 Kg7+ 42. Kg2 Kf6 43. Kf1 Rh2 44. Bd7 Rxf2+ 45. Kg1 Rxf3 46. Kg2 Rg3+ 47. Kf1 f3 48. e5+ Kxe5 49. Bg4 f2 50. Ke2 Rg1 51. Bh3 Ke4 52. Bf5+ Kxf5 53. Ke3 f1=Q 54. Kd2 Rg2+ 55. Ke3 Qe2# 0-1

[Event "Late-Titled-Tuesday-Blitz-September-19-2023"]
[Site "Chess.com"]
[Date "2023.09.19"]
[Round "1"]
[White "FrenchMonster2002"]
[Black "BillieKimbah"]
[Result "0-1"]
[WhiteElo "2497"]
[BlackElo "2964"]
[TimeControl "180+1"]
[EndTime "14:07:01 PDT"]
[Termination "BillieKimbah won on time"]

1. e4 c5 2. Nc3 g6 3. d4 cxd4 4. Qxd4 Nf6 5. Bg5 Nc6 6. Qd2 Bg7 7. h4 h5 8. O-O-O d6 9. f3 O-O 10. Kb1 Be6 11. Nge2 Ne5 12. Nf4 Bc4 13. Bxf6 Bxf6 14. Nfd5 Bg7 15. f4 Bxf1 16. fxe5 Bc4 17. exd6 Qxd6 18.
Qg5 Rfe8 19. g4 hxg4 20. h5 Bxd5 21. Nxd5 Qe5 22. Qxe5 Bxe5 23. hxg6 fxg6 24. Ne3 g3 25.
Rd5 Bf4 26. Ng2 Rf8 27. a3 Kg7 28. Rh4 Bd6 29. e5 Rf5 30. Re4 Bc7 31. Nh4 Rg5 32. Ng2 Rf8 33. Rd7 Bd8 34. e6 Rf2 0-1

[Event "Late-Titled-Tuesday-Blitz-September-19-2023"]
[Site "Chess.com"]
[Date "2023.09.19"]
[Round "1"]
[White "sergiochess83"]
[Black "PlotnikovPavel"]
[Result "1-0"]
[WhiteElo "2907"]
[BlackElo "2487"]
[TimeControl "180+1"]
[EndTime "14:07:02 PDT"]
[Termination "sergiochess83 won by resignation"]

1. d4 e6 2. c4 f5 3. Nf3 Nf6 4. g3 b6 5. Bg2 Bb7 6. O-O Be7 7. d5 exd5 8. Nh4 c6 9. Nxf5 O-O 10. cxd5 Nxd5 11.
e4 Nc7 12. Nc3 Nba6 13. Nd6 Bxd6 14. Qxd6 Nb5 15. Nxb5 cxb5 16. Be3 Rc8 17. Rac1 Rc6 18. Qd5+ Kh8 19. Qxb5 Nc7 20. Qb3 Ne6 21. Rxc6 Bxc6 22. Rd1 Qe7 23. Qc3 Ng5 24. Bxg5 Qxg5 25. f4 Qg4 26.
Rd2 h5 27. h4 Qe6 28. Qb3 Qg6 29. Qe3 Re8 30. e5 Qb1+ 31. Kh2 Qxa2 32. Bxc6 dxc6 33. Qf3 Qf7 34. Qxc6 Qf5 35. Qxe8+ 1-0

[Event "Late-Titled-Tuesday-Blitz-September-19-2023"]
[Site "Chess.com"]
[Date "2023.09.19"]
[Round "1"]
[White "19912131712118"]
[Black "IlanSchnaider"]
[Result "0-1"]
[WhiteElo "2445"]
[BlackElo "2761"]
[TimeControl "180+1"]
[EndTime "14:07:02 PDT"]
[Termination "IlanSchnaider won by resignation"]

1. e4 c5 2. Nf3 d6 3. d4 cxd4 4. Nxd4 Nf6 5. Nc3 a6 6. Bg5 e6 7.
f4 Be7 8. Qf3 Qc7 9. O-O-O Nbd7 10. Kb1 b5 11. a3 Bb7 12. Bd3 Rc8 13. Rhe1 h6 14. Bh4 Nc5 15. Bf2 Nfd7 16. Nd5 exd5 17. exd5 Kf8 18. Bf5 Re8 19. Re2 Nb6 20. Nc6 Nxd5 21.
Qxd5 Bxc6 22. Qd2 Bxg2 23. Rde1 Bf3 24. Re3 Bc6 25. R3e2 Bf6 26. Rxe8+ Bxe8 27. Bh3 g6 28. f5 g5 29. Bg3 Nb7 30. Bg2 Kg7 31. Bxb7 Qxb7 32.
Bxd6 Bd7 33. Bb4 Bxf5 34. h4 Rd8 35. Qh2 Qb8 36. Qh1 Qf4 37. hxg5 hxg5 38. Rg1 Qd4 39. Bc3 Qf4 40. Bxf6+ Kxf6 41. Qh6+ Bg6 42. Qh1 Kg7 43. Rf1 Qe4 44. Qg1 Qxc2+ 45. Ka1 Qc4 46. Rc1 Qf4 47. Qc5 Rd5 48. Qc3+ Qd4 49. Qc6 Rf5 0-1

[Event "Late-Titled-Tuesday-Blitz-September-19-2023"]
[Site "Chess.com"]
[Date "2023.09.19"]
[Round "1"]
[White "SCIM"]
[Black "Arimin1329"]
[Result "1-0"]
[WhiteElo "2563"]
[BlackElo "2268"]
[TimeControl "180+1"]
[EndTime "14:07:03 PDT"]
[Termination "SCIM won by resignation"]

1. Nf3 Nf6 2. g3 g6 3. Bg2 Bg7 4. O-O O-O 5. d3 c5 6. e4 d6 7. c3 Nc6 8. Nbd2 e5 9. a3 h6 10.
b4 a6 11. Bb2 Be6 12. d4 Bg4 13. d5 Ne7 14. bxc5 dxc5 15. c4 Nd7 16. Qb3 Bxf3 17.
Nxf3 Rb8 18. a4 Nc8 19. Bh3 Re8 20. Bc3 Nd6 21. Rfe1 Nb6 22. Nd2 Nd7 23. a5 f5 24.
exf5 gxf5 25. Rab1 Qg5 26. Qc2 Qh5 27. Bg2 e4 28. Bxg7 Kxg7 29. Qc3+ Kg8 30. f3 Qg6 31. fxe4 fxe4 32. Re3 Nf6 33. Rb6 Ng4 34. Rxe4 Rxe4 35. Nxe4 Re8 36. Rxd6 Qxd6 37. Nxd6 Re1+ 38. Qxe1 1-0

[Event "Late-Titled-Tuesday-Blitz-September-19-2023"]
[Site "Chess.com"]
[Date "2023.09.19"]
[Round "1"]
[White "DanielDardha2005"]
[Black "whitemirrorninja"]
[Result "1-0"]
[WhiteElo "2918"]
[BlackElo "2491"]
[TimeControl "180+1"]
[EndTime "14:07:04 PDT"]
[Termination "DanielDardha2005 won by resignation"]

1. Nh3 Nc6 2. d4 d5 3. Nf4 Nf6 4. c3 g6 5. g3 Bg7 6. Bg2 O-O 7.
Nd2 e5 8. dxe5 Nxe5 9. O-O c6 10.
Nf3 Nxf3+ 11. Bxf3 Re8 12. Be3 Bg4 13. Bg2 Rxe3 14.
fxe3 Qb6 15. Qd4 Qa6 16. Qd3 Qb6 17. Qd4 Qa6 18. Bf3 Bf5 19. Qb4 Re8 20. Nd3 b6 21.
Qd6 Re6 22. Qb8+ Re8 23. Qc7 Bxd3 24. exd3 Qxd3 25. Qxc6 Qxe3+ 26. Kg2 h5 27. Rad1 Qg5 28. Qd6 Re6 29. Qf4 Qxf4 30. gxf4 Rd6 31. Rfe1 Bh6 32. f5 gxf5 33. Re5 Ng4 34. Bxg4 fxg4 35. Rdxd5 Rf6 36. Rxh5 Kg7 37. Rhf5 Re6 38. Rd7 Re2+ 39. Rf2 Rxf2+ 40. Kxf2 a5 41. Kg3 Bc1 42. b3 Bb2 43. Kxg4 Bxc3 44.
Kf5 Bd4 45. Rxd4 1-0

[Event "Late-Titled-Tuesday-Blitz-September-19-2023"]
[Site "Chess.com"]
[Date "2023.09.19"]
[Round "1"]
[White "sergeikim"]
[Black "Dubs123"]
[Result "1-0"]
[WhiteElo "2593"]
[BlackElo "2310"]
[TimeControl "180+1"]
[EndTime "14:07:08 PDT"]
[Termination "sergeikim won on time"]

1. d4 Nf6 2. c4 e6 3. Nc3 Bb4 4.
Qc2 O-O 5. a3 Bxc3+ 6. Qxc3 d6 7.
Nf3 b6 8. g3 Bb7 9. Bg2 Nbd7 10. O-O Ne4 11. Qc2 f5 12. Ng5 Nxg5 13. Bxb7 Rb8 14. Bg2 c5 15. dxc5 Nxc5 16. Rd1 Nf7 17. b4 Nd7 18. Bb2 Rc8 19. Rac1 Qe7 20. Qa4 Nde5 21. Qb3 Rc7 22. f4 Ng4 23. h3 Nf6 24. Qd3 Rfc8 25. Kh2 h6 26. Bd4 e5 27. Bf2 exf4 28.
gxf4 Ne4 29. Be1 b5 30. c5 dxc5 31. bxc5 Rxc5 32. Bb4 Qc7 33. Bxc5 Qxf4+ 34. Kg1 Rxc5 35. Rxc5 Qf2+ 36. Kh2 Qf4+ 37. Kg1 Qf2+ 38. Kh1 Nxc5 39. Qf3 Qxf3 40. Bxf3 Ne5 41. Rd5 Nxf3 42. Rxc5 Nd4 43. e3 Ne6 44. Rxb5 f4 45. exf4 Nxf4 46. Kh2 Kh7 47. Ra5 Nd3 48. Rxa7 h5 49. a4 Kh6 50. a5 g5 51. Rc7 g4 52. a6 Kg5 53. a7 Kh4 54. a8=Q g3+ 55. Kg1 1-0

[Event "Late-Titled-Tuesday-Blitz-September-19-2023"]
[Site "Chess.com"]
[Date "2023.09.19"]
[Round "1"]
[White "Nf3c5"]
[Black "NowInChess"]
[Result "1-0"]
[WhiteElo "2549"]
[BlackElo "2242"]
[TimeControl "180+1"]
[EndTime "14:07:08 PDT"]
[Termination "Nf3c5 won on time"]

1. d4 Nf6 2. Nf3 g6 3. Bg5 Bg7 4. Nbd2 d5 5. e3 O-O 6. Be2 c5 7. c3 cxd4 8. exd4 Nc6 9. O-O Qb6 10. Nb3 Bf5 11. a4 Qc7 12. Re1 Ne4 13. Be3 Rad8 14. Ng5 e5 15. dxe5 Nxe5 16. Nd4 Bc8 17. Nb5 Qe7 18. Nf3 a6 19. Na3 Nc4 20. Nxc4 dxc4 21.
Nd4 Be6 22. Qc2 Nc5 23. Nxe6 Nxe6 24. Bxc4 Qf6 25. Qc1 Rd7 26. a5 Qh4 27. Bf1 h6 28.
g3 Qh5 29. Bg2 Rfd8 30. h4 g5 31. hxg5 Nxg5 32. Bxg5 hxg5 33. Qe3 1-0

[Event "Late-Titled-Tuesday-Blitz-September-19-2023"]
[Site "Chess.com"]
[Date "2023.09.19"]
[Round "1"]
[White "MBA_CHESS_2021"]
[Black "tteshan"]
[Result "1-0"]
[WhiteElo "2170"]
[BlackElo "2507"]
[TimeControl "180+1"]
[EndTime "14:07:09 PDT"]
[Termination "MBA_CHESS_2021 won by resignation"]

1. e4 c5 2. Nf3 Nc6 3. d4 cxd4 4. Nxd4 g6 5. Nc3 Bg7 6. Be3 Nf6 7. Be2 O-O 8. O-O d5 9. exd5 Nxd5 10. Nxd5 Qxd5 11.
Bf3 Qd7 12. Nxc6 bxc6 13. c3 Rb8 14. Qc2 Qc7 15. Be4 Be6 16. b3 Bd5 17. Rac1 Qa5 18. Bd3 Rfd8 19. c4 Be6 20. Be4 Rbc8 21. h3 f5 22. Bf3 Bf7 23. Rfd1 Qc7 24. Bc5 e5 25. Rxd8+ Rxd8 26. Rd1 e4 27. Be2 a5 28. Rxd8+ Qxd8 29. Qd1 Qxd1+ 30. Bxd1 Bc3 31. Kf1 Kg7 32. Ke2 Kf6 33.
Bb6 Ke5 34. Bc2 g5 35. f3 exf3+ 36. gxf3 h5 37. Bc7+ Ke6 38. Bd8 g4 39. fxg4 hxg4 40.
hxg4 fxg4 41. Kf2 Be5 42. Bxa5 g3+ 43. Kg2 c5 44. Be1 Bd4 45. Be4 Bh5 46. Bxg3 Bg6 47. Bd5+ 1-0

[Event "Late-Titled-Tuesday-Blitz-September-19-2023"]
[Site "Chess.com"]
[Date "2023.09.19"]
[Round "1"]
[White "ElDivis"]
[Black "Parhamov"]
[Result "0-1"]
[WhiteElo "2501"]
[BlackElo "3044"]
[TimeControl "180+1"]
[EndTime "14:07:10 PDT"]
[Termination "Parhamov won on time"]

1. d4 Nf6 2. c4 e6 3. Nf3 d5 4. e3 c5 5. cxd5 Nxd5 6. Nc3 Nxc3 7. bxc3 Nd7 8. Bd3 b6 9. O-O Bb7 10. e4 Be7 11. Qe2 Rc8 12. a4 cxd4 13. cxd4 O-O 14. Bf4 Nf6 15. h3 Rc3 16. Rfc1 Rxc1+ 17. Bxc1 Qa8 18.
e5 Nd5 19. Bd2 Nb4 20. Bxb4 Bxf3 21. Qxf3 Qxf3 22. gxf3 Bxb4 23. Rc1 Rd8 24. Rc7 Rxd4 25. Rc8+ Bf8 26. Bxh7+ Kxh7 27. Rxf8 Rxa4 28. Rxf7 b5 29. Re7 b4 30. Rb7 a5 31. Rb6 Ra3 32. Rxe6 b3 33.
Rb6 a4 34. Kg2 Ra2 35. e6 Kg6 36. e7+ Kf7 37. Rb7 b2 38. f4 a3 0-1

[Event "Late-Titled-Tuesday-Blitz-September-19-2023"]
[Site "Chess.com"]
[Date "2023.09.19"]
[Round "1"]
[White "mac0504"]
[Black "Heinza9"]
[Result "1-0"]
[WhiteElo "2593"]
[BlackElo "2305"]
[TimeControl "180+1"]
[EndTime "14:07:10 PDT"]
[Termination "mac0504 won on time"]

1. e4 e5 2. Nf3 Nc6 3. Bb5 f5 4. exf5 e4 5. Bxc6 bxc6 6. Ne5 Nf6 7. Nc3 Qe7 8. Ng4 d5 9. O-O Bxf5 10. Nxf6+ Qxf6 11. d3 exd3 12. cxd3 Be7 13. Bf4 O-O 14. Bxc7 Bc5 15. Bg3 Rae8 16. Rc1 Bd4 17. Qd2 Qg6 18.
Ne2 Bb6 19. Nf4 Qh6 20. Qc2 Rf6 21. Rfe1 Ref8 22. b4 g5 23. Ne2 Qg6 24. Rcd1 h5 25. Be5 Re6 26. Nd4 Bxd4 27. Bxd4 Rxe1+ 28. Rxe1 Bxd3 29. Qc3 Be4 30. f3 Bf5 31. Bxa7 g4 32. fxg4 hxg4 33. Bf2 Be4 34. Bg3 Qf5 35. a4 Rf6 36. a5 Bxg2 37.
Kxg2 Qh5 38. Qxf6 1-0

[Event "Late-Titled-Tuesday-Blitz-September-19-2023"]
[Site "Chess.com"]
[Date "2023.09.19"]
[Round "1"]
[White "Lady_Nika"]
[Black "Jarming"]
[Result "0-1"]
[WhiteElo "2445"]
[BlackElo "2752"]
[TimeControl "180+1"]
[EndTime "14:07:11 PDT"]
[Termination "Jarming won on time"]

1. c4 Nf6 2. Nc3 e6 3. d4 Bb4 4. Nf3 b6 5. g3 Bb7 6. Bg2 O-O 7.
O-O Bxc3 8. bxc3 d6 9. Bg5 Nbd7 10. Re1 h6 11. Bxf6 Nxf6 12. Qc2 Be4 13. Qb2 Qc8 14.
Nd2 Bxg2 15. Kxg2 Re8 16. e4 e5 17. Re2 Nh5 18. h3 Re6 19. Nf3 Qb7 20. Rae1 Rae8 21. d5 R6e7 22. Nh4 g6 23. Rf1 c6 24. Qa3 Qc7 25. Rd2 Rd8 26. Rfd1 Nf6 27. f3 cxd5 28. cxd5 Rc8 29. Rd3 Nd7 30. Qc1 Kh7 31. Rf1 Qc4 32.
Re3 Nc5 33. Qa3 Qa4 34. Qb2 Rec7 35. f4 exf4 36. Rxf4 g5 37. Rg4 gxh4 38. e5 Qd1 39. exd6 Qxd5+ 40. Rf3 Nd3 41. Qe2 Rxc3 42. Qe7 Ne1+ 0-1

[Event "Late-Titled-Tuesday-Blitz-September-19-2023"]
[Site "Chess.com"]
[Date "2023.09.19"]
[Round "1"]
[White "gmpeter008"]
[Black "BeanScreen"]
[Result "0-1"]
[WhiteElo "2423"]
[BlackElo "2707"]
[TimeControl "180+1"]
[EndTime "14:07:12 PDT"]
[Termination "BeanScreen won on time"]

1. c4 e5 2. Nc3 Nf6 3. Nf3 Nc6 4. e4 Bb4 5. d3 d6 6. a3 Bc5 7. b4 Bb6 8. Be2 O-O 9. O-O a5 10. b5 Nd4 11. Be3 Nxf3+ 12. Bxf3 Bxe3 13. fxe3 h6 14. Qd2 Be6 15. Rf2 Bg4 16. Raf1 c6 17. Qd1 Qd7 18. a4 Bxf3 19. Rxf3 Nh7 20. h4 Qg4 21. Rxf7 Qxh4 22.
Rxb7 Rxf1+ 23. Qxf1 Rf8 24. Qe2 Ng5 25. bxc6 Qg3 26. c7 Nh3+ 27. Kh1 Nf2+ 28. Kg1 Ng4 29. Qxg4 Qxg4 30. Rb8 Rc8 31. Nd5 Kf7 32. Rxc8 Qxc8 33. Kf2 Qb7 34. Kg3 Ke6 35. Kg4 g6 36. d4 Kd7 37. dxe5 dxe5 38. Kf3 Qb1 0-1

[Event "Late-Titled-Tuesday-Blitz-September-19-2023"]
[Site "Chess.com"]
[Date "2023.09.19"]
[Round "1"]
[White "davigator"]
[Black "MessiKingdom"]
[Result "0-1"]
[WhiteElo "2334"]
[BlackElo "2615"]
[TimeControl "180+1"]
[EndTime "14:07:12 PDT"]
[Termination "MessiKingdom won on time"]

1. e4 c6 2. d4 d5 3. e5 Bf5 4. Nf3 e6 5. Be2 c5 6. c4 Nc6 7.
cxd5 Qxd5 8. Nc3 Qd7 9. d5 exd5 10. Qxd5 Rd8 11. Qxd7+ Rxd7 12. O-O Nh6 13. Bb5 Be7 14.
h3 O-O 15. Bxc6 bxc6 16. b3 Be6 17. Bxh6 gxh6 18. Rac1 c4 19. bxc4 Bxc4 20. Rfe1 Rd3 21. Ne4 Bd5 22. Nc5 Ra3 23. Nd4 Bg5 24. Rc2 Re8 25. Nd7 Rd3 26. Nxc6 Bxc6 27. Rxc6 Rxd7 28. g3 Bd8 29. Rxh6 Bb6 30. Kg2 Rd2 31. Rf6 Bd4 0-1

[Event "Late-Titled-Tuesday-Blitz-September-19-2023"]
[Site "Chess.com"]
[Date "2023.09.19"]
[Round "1"]
[White "HalfIsCrayfish"]
[Black "Harald_Schmidt"]
[Result "0-1"]
[WhiteElo "2558"]
[BlackElo "2302"]
[TimeControl "180+1"]
[EndTime "14:07:15 PDT"]
[Termination "Harald_Schmidt won by resignation"]

1. Nc3 c5 2. e4 a6 3. g3 b5 4. Bg2 Bb7 5. d3 Nc6 6. f4 d6 7. Nf3 Nd4 8. O-O e6 9. Nxd4 cxd4 10.
Ne2 Qb6 11. f5 e5 12. g4 Nf6 13. g5 Nd7 14. Kh1 d5 15. exd5 Qc5 16. Ng3 Bxd5 17. Ne4 Qc6 18. Qe2 Bd6 19. f6 gxf6 20. Qf3 Kd8 21. gxf6 Kc7 22. Bh6 Rhe8 23. Rac1 Kb6 24.
c4 dxc3 25. bxc3 Nc5 26. Be3 Ka5 27. c4 Bxe4 28. dxe4 b4 29. a3 b3 30. Rb1 Rab8 31. Qd1 Red8 32. Qd2+ Ka4 33. Qd5 Qxd5 34. exd5 Rdc8 35.
Rfd1 a5 36. Kg1 Kxa3 37. Ra1+ Kb4 38. Bd2+ Kxc4 39. Bf1+ Kd4 40. Bxa5+ Ke4 41. Bd3+ Nxd3 42.
Ra4+ Bb4 43. Bxb4 Rxb4 44. Ra5 b2 0-1

[Event "Late-Titled-Tuesday-Blitz-September-19-2023"]
[Site "Chess.com"]
[Date "2023.09.19"]
[Round "1"]
[White "jaskol95"]
[Black "ilya2700"]
[Result "0-1"]
[WhiteElo "2549"]
[BlackElo "2290"]
[TimeControl "180+1"]
[EndTime "14:07:15 PDT"]
[Termination "ilya2700 won by checkmate"]

1. d4 d5 2. Nc3 Nf6 3. Bf4 e6 4. Nb5 Na6 5. e3 Be7 6. Nf3 O-O 7. Ne5 c6 8. Nc3 c5 9. Be2 Nb8 10. O-O Nc6 11. Bb5 cxd4 12. exd4 Qb6 13. Bxc6 bxc6 14. Rb1 a5 15. Re1 a4 16. a3 c5 17.
Be3 cxd4 18. Bxd4 Bc5 19. Nf3 Bd7 20. Bxc5 Qxc5 21. Qd4 Qxd4 22. Nxd4 Rfe8 23. f4 Rec8 24. g3 Rc4 25. Red1 Rb8 26. Nf3 Be8 27. Ne5 Rc7 28. Kf2 Rcb7 29. Nd3 d4 30. Na2 Ng4+ 31. Ke2 Ne3 32. Rd2 f6 33. Nab4 Bh5+ 34. Kf2 Ng4+ 35. Kg2 Ne3+ 36. Kf2 e5 37. fxe5 fxe5 38. Nxe5 Rf8+ 39.
Kg1 Re7 40. Nbc6 Re6 41. Rxd4 Ref6 42. Rf4 Rxf4 43. gxf4 Rxf4 44. b3 Bd1 45. bxa4 Rf1# 0-1

[Event "Late-Titled-Tuesday-Blitz-September-19-2023"]
[Site "Chess.com"]
[Date "2023.09.19"]
[Round "1"]
[White "Hooded_Old_Man"]
[Black "Mikedannnn"]
[Result "1-0"]
[WhiteElo "2252"]
[BlackElo "2531"]
[TimeControl "180+1"]
[EndTime "14:07:15 PDT"]
[Termination "Hooded_Old_Man won by resignation"]

1. d4 c5 2. e3 Nf6 3. Nf3 b6 4. Be2 Bb7 5. O-O e6 6. Nbd2 Be7 7. a4 a6 8. c3 O-O 9. Nc4 d6 10. b3 Nbd7 11. Bb2 b5 12. axb5 axb5 13. Ncd2 Qb6 14. Qc2 Bc6 15. h3 Qb7 16. Rfb1 Ne4 17. Rxa8 Rxa8 18.
Nxe4 Bxe4 19. Bd3 Bxf3 20. gxf3 f5 21. e4 Rf8 22. Qe2 f4 23. Bxb5 Nf6 24. dxc5 dxc5 25. Bc4 Qb6 26. Ra1 Kh8 27. Ra6 Qd8 28. Rxe6 Nd7 29. Qd2 Nb6 30. Qxd8 Bxd8 31. Kg2 Nxc4 32. bxc4 h6 33. Ba3 Ba5 34. Bxc5 Rc8 35. Bd4 Rxc4 36. Rxh6+ Kg8 37. Rg6 Bxc3 38. Rxg7+ Kf8 39. Bxc3 Rxc3 40. Rg4 1-0

[Event "Late-Titled-Tuesday-Blitz-September-19-2023"]
[Site "Chess.com"]
[Date "2023.09.19"]
[Round "1"]
[White "Chempiblinka"]
[Black "bipe137"]
[Result "0-1"]
[WhiteElo "2158"]
[BlackElo "2533"]
[TimeControl "180+1"]
[EndTime "14:07:15 PDT"]
[Termination "bipe137 won on time"]

1. Nf3 d5 2. c4 e6 3. g3 Nf6 4. Bg2 Be7 5. O-O O-O 6. Qc2 a6 7. d4 dxc4 8. Qxc4 b5 9. Qc2 Bb7 10. Bd2 Be4 11. Qc1 Bb7 12. Ba5 Nc6 13. Bd2 Nxd4 14.
Nxd4 Bxg2 15. Nxe6 fxe6 16. Kxg2 c5 17. Nc3 Nd5 18.
Qc2 Rc8 19. Rad1 Bf6 20. Kg1 Nxc3 21. Bxc3 Qe7 22. Rd3 c4 23. Re3 Rfd8 24. a3 Rc6 25.
Bb4 Qc7 26. Qe4 a5 27. Bc3 Bxc3 28. bxc3 Rcd6 29. Rb1 Qc5 30. Kg2 h6 31. h4 Rb8 32.
a4 b4 33. cxb4 axb4 34. Rf3 c3 35. Qf4 Qc7 36. Rc1 Rd7 37. Qe4 Qd6 38. Qc4 Rc7 39.
Qb3 Qd5 40. Qc2 b3 41. Qg6 b2 42. Rd1 Qxd1 43. Qxe6+ Kh8 44. Qe5 Qd7 0-1

[Event "Late-Titled-Tuesday-Blitz-September-19-2023"]
[Site "Chess.com"]
[Date "2023.09.19"]
[Round "1"]
[White "Zhigalko_Sergei"]
[Black "Levanzovsky"]
[Result "1-0"]
[WhiteElo "2839"]
[BlackElo "2469"]
[TimeControl "180+1"]
[EndTime "14:07:18 PDT"]
[Termination "Zhigalko_Sergei won by resignation"]

1. e4 e5 2. Nf3 Nc6 3. Bc4 Bc5 4. b4 Bxb4 5. c3 Bd6 6. d4 Nf6 7. O-O h6 8. Re1 O-O 9. Nbd2 b6 10. Bd5 Qe7 11. Nc4 Nxd5 12. exd5 Na5 13. Nxa5 bxa5 14. dxe5 Bc5 15. Be3 Bb7 16. Rb1 Rab8 17. c4 Bb4 18.
Bxa7 Ra8 19. Bd4 Bxe1 20. Rxb7 Bb4 21. Rxc7 Rfc8 22. Rxc8+ Rxc8 23. Qd3 d6 24. g3 Qc7 25. e6 Qxc4 26. exf7+ Kxf7 27. Qh7 Rg8 28. Qf5+ Ke7 29. Qe6+ Kf8 30. Nh4 g5 31. Qxh6+ Ke7 32. Qe6+ Kf8 33. Nf5 Qc7 34. Bf6 Rg6 35. Be7+ Qxe7 36. Qxe7+ 1-0

[Event "Late-Titled-Tuesday-Blitz-September-19-2023"]
[Site "Chess.com"]
[Date "2023.09.19"]
[Round "1"]
[White "dawid498"]
[Black "Mimsychess"]
[Result "1-0"]
[WhiteElo "2642"]
[BlackElo "2360"]
[TimeControl "180+1"]
[EndTime "14:07:18 PDT"]
[Termination "dawid498 won on time"]

1. e4 c6 2. d4 d5 3. e5 Bf5 4. Nf3 e6 5. Be2 c5 6. c3 Nc6 7. O-O h6 8. a3 cxd4 9. Nxd4 Bh7 10. Nd2 Nge7 11. N2f3 g5 12. Nxc6 bxc6 13. Nd4 Bg7 14. f4 Qb6 15. Kh1 Nf5 16. Nxf5 Bxf5 17. c4 gxf4 18.
Bxf4 Rd8 19. cxd5 Rxd5 20. Qc1 Bxe5 21. Bxe5 Rxe5 22. Qc3 Qc5 23. Qd2 Rd5 24. Qf4 Qd6 25. Qf2 Rd2 26. Rad1 O-O 27. Rxd2 Qxd2 28. Qg3+ Qg5 29. Qc3 Rd8 30. Bf3 Qd2 31. Qf6 Qd4 32. Qxh6 Qxb2 33. Qg5+ Kh7 34. Qxd8 1-0

[Event "Late-Titled-Tuesday-Blitz-September-19-2023"]
[Site "Chess.com"]
[Date "2023.09.19"]
[Round "1"]
[White "farzadbfd"]
[Black "eCztery"]
[Result "1-0"]
[WhiteElo "2702"]
[BlackElo "2416"]
[TimeControl "180+1"]
[EndTime "14:07:20 PDT"]
[Termination "farzadbfd won on time"]

1. d4 Nf6 2. Nf3 e6 3. c4 Bb4+ 4. Bd2 Qe7 5. g3 O-O 6. Bg2 d5 7. a3 Bxd2+ 8. Nbxd2 Nbd7 9. O-O c6 10. Qc2 e5 11. dxe5 Nxe5 12. Nxe5 Qxe5 13. cxd5 cxd5 14. Nf3 Qh5 15. Rfd1 Re8 16. Rd4 Bf5 17. Qd1 Be4 18. e3 Qf5 19. Nh4 Qe5 20. Rc1 h6 21. Rc5 Rac8 22.
Qc1 Rxc5 23. Qxc5 b6 24. Qc3 Qe6 25. Rd1 Rc8 26. Qd4 Rc2 27. Nf3 Qf5 28. Rd2 Rc1+ 29.
Rd1 Rc2 30. Nd2 Ng4 31. f3 Nf6 32. fxe4 Nxe4 33. Nxe4 dxe4 34. Rf1 Qb5 35. Qd8+ Kh7 36. Bxe4+ 1-0

[Event "Late-Titled-Tuesday-Blitz-September-19-2023"]
[Site "Chess.com"]
[Date "2023.09.19"]
[Round "1"]
[White "K_alena13"]
[Black "JackRodgers"]
[Result "1-0"]
[WhiteElo "2224"]
[BlackElo "2496"]
[TimeControl "180+1"]
[EndTime "14:07:20 PDT"]
[Termination "K_alena13 won by checkmate"]

1. d4 Nf6 2. Nf3 c5 3. e3 e6 4.
c3 b6 5. Bd3 Bb7 6. Nbd2 Be7 7.
O-O d6 8. b3 Nbd7 9. Bb2 Rc8 10. Qe2 O-O 11. e4 e5 12. d5 Ne8 13. a4 g6 14. a5 Ng7 15. axb6 axb6 16. Ra7 Rb8 17. Rfa1 f5 18. Ba6 Bxa6 19. R1xa6 Nf6 20. c4 Nfh5 21. g3 Bg5 22. Nxg5 Qxg5 23. Nf3 Qg4 24. Qe3 fxe4 25. Nd2 Qd1+ 26. Kg2 Nf5 27. Qg5 Nf4+ 28. gxf4 Qxd2 29. Rxh7 Kxh7 30. Ra7+ Ng7 31. Qh4+ Kg8 32. Qe7 Qxf2+ 33.
Kxf2 Rxf4+ 34. Ke2 Nh5 35. Qh7+ Kf8 36. Qh8# 1-0

[Event "Late-Titled-Tuesday-Blitz-September-19-2023"]
[Site "Chess.com"]
[Date "2023.09.19"]
[Round "1"]
[White "Schwindle"]
[Black "Rutricks"]
[Result "0-1"]
[WhiteElo "2426"]
[BlackElo "2710"]
[TimeControl "180+1"]
[EndTime "14:07:22 PDT"]
[Termination "Rutricks won by resignation"]

1. e4 g6 2. d4 Bg7 3. Nc3 c6 4. Nf3 d5 5. e5 f6 6. Bf4 Bg4 7. h3 Bxf3 8. Qxf3 fxe5 9. dxe5 Nh6 10. Bxh6 Bxh6 11. Bd3 Qc7 12. O-O Nd7 13. Rfe1 Bg7 14. e6 Ne5 15. Qf4 O-O-O 16. Qa4 Qb6 17. Bf1 Qxb2 18.
Qxa7 Qxc3 19. Rab1 Kc7 20. Re3 Qxc2 21. Rxb7+ Kd6 22.
f4 Nc4 23. Bxc4 Qxc4 24. Rd7+ Rxd7 25. Qxd7+ Kc5 26. Qa7+ Kd6 27. Qd7+ Kc5 28. Qa7+ Kd6 29. Qa3+ Qc5 30. Qd3 Bd4 31. Kh2 Bxe3 32. f5 Bf4+ 33. g3 Qf2+ 34. Kh1 Bxg3 35. Qa3+ Ke5 36. Qc3+ Kxf5 37.
Qc2+ Qxc2 0-1

[Event "Late-Titled-Tuesday-Blitz-September-19-2023"]
[Site "Chess.com"]
[Date "2023.09.19"]
[Round "1"]
[White "RamyresCoelho"]
[Black "KChor05TTV"]
[Result "0-1"]
[WhiteElo "2300"]
[BlackElo "2589"]
[TimeControl "180+1"]
[EndTime "14:07:22 PDT"]
[Termination "KChor05TTV won by resignation"]

1. e4 c5 2. Nf3 Nc6 3. d4 cxd4 4. c3 Nf6 5. e5 Nd5 6. cxd4 d6 7. Nc3 Nxc3 8. bxc3 e6 9. Bd3 dxe5 10.
Nxe5 Nxe5 11. dxe5 Qa5 12. O-O Qxe5 13. Re1 Qa5 14. Qb3 a6 15. Be3 Bc5 16. Qc4 Bxe3 17. Rxe3 O-O 18. Rh3 h6 19. Qe4 f5 20. Qh4 Qxc3 21.
Rb1 Qf6 22. Qh5 b5 23. Rg3 Kh7 24. Re1 e5 25. Bb1 e4 26. Rd1 Be6 27. h4 Rad8 28.
Rf1 Rd2 29. f3 g6 30. Rxg6 Qxg6 31. Qxg6+ Kxg6 32. fxe4 f4 33. e5+ Bf5 34. Rxf4 Rd1+ 35.
Kh2 Rxb1 36. g4 Rb2+ 37. Kg3 Rxa2 38. gxf5+ Rxf5 39. Rg4+ Kf7 40. Re4 Ke6 41. Kg4 Ra4 42. h5 Rxe4+ 43. Kh3 Rf3+ 44. Kg2 Rc3 45. Kf1 Rb4 46.
Ke1 Rb2 47. Kd1 Ra3 48. Kc1 Rg2 49. Kb1 Re3 0-1